 Dungeon Crawl Stone Soup version 0.27.1-33-g824d729ab1 (webtiles) character file.

Game seed: 17144199578952385802

43 pkoi the Sneak (level 3, 0/26 HPs)
             Began as a Draconian Enchanter on Dec 1, 2021.
             Slain by a worm (8 damage)
             ... on level 2 of the Dungeon.
             The game lasted 00:02:17 (2076 turns).

pkoi the Sneak (Draconian Enchanter)                Turns: 2076, Time: 00:02:17

Health: 0/26       AC:  6    Str: 10    XL:     3   Next: 37%
Magic:  2/6        EV: 12    Int: 16    God:
Gold:   79         SH:  0    Dex: 11    Spells: 3/6 levels left

rFire    + . .     SeeInvis +   a - +1 dagger
rCold    + . .     Faith    .   (no shield)
rNeg     . . .     Spirit   .   (armour unavailable)
rPois    .         Reflect  .   (helmet restricted)
rElec    .         Harm     .   i - scarf {rC+ rF+}
rCorr    .         Rampage  .   (no gloves)
Will     .....                  b - +0 pair of boots
Stlth    ++........             (no amulet)
HPRegen  0.08/turn              j - ring of see invisible
MPRegen  0.10/turn              (no ring)

@: very slightly contaminated
A: AC +5, unfitting armour, cold-blooded
a: no special abilities


You were on level 2 of the Dungeon.
You visited 1 branch of the dungeon, and saw 2 of its levels.

You collected 79 gold pieces.

Inventory:

Hand Weapons
 a - a +1 dagger (weapon)
Armour
 b - a +0 pair of boots (worn)
 c - a +0 cloak
 i - a scarf of resistance (worn)
Jewellery
 j - a ring of see invisible (left hand)
Scrolls
 f - a scroll of silence {unknown}
 h - a scroll of immolation {unknown}
Potions
 d - a potion of attraction {unknown}
 e - a potion of flight {unknown}
 g - a potion of invisibility {unknown}


   Skills:
 + Level 1.2 Short Blades
 - Level 1.7 Dodging
 + Level 2.9 Stealth
 + Level 2.3 Unarmed Combat
 - Level 2.0 Spellcasting
 + Level 2.8 Hexes
 + Level 0.8 Ice Magic


You had 3 spell levels left.
You knew the following spells:

 Your Spells              Type           Power      Damage    Failure   Level
a - Corona                Hex            11%        N/A       6%          1
b - Ensorcelled Hibernat  Hex/Ice        14%        N/A       14%         2

Your spell library contained the following spells:

 Spells                   Type           Power      Damage    Failure   Level
 Confusing Touch          Hex            10%        N/A       19%         3
 Tukima's Dance           Hex            10%        N/A       19%         3
 Foxfire                  Conj/Fire      4%         2x1d4     21%         1
 Dazzling Flash           Conj/Hex       12%        N/A       34%         3
 Inner Flame              Hex/Fire       6%         N/A       34%         3
 Conjure Flame            Conj/Fire      1%         6-21      52%         3


Dungeon Overview and Level Annotations

Branches:
Dungeon (2/15)

Altars:

Shops:
D:2 *


Innate Abilities, Weirdness & Mutations

Your plain brown scales are hard. (AC +5)
You cannot fit into any form of body armour.
You are cold-blooded and may be slowed by cold attacks.


Message History

The worm is moderately wounded.
You completely miss the worm.
The worm is moderately wounded.
The worm bites you.
* * * LOW HITPOINT WARNING * * *
You hit the worm but do no damage.
The worm is moderately wounded.
You hit the worm.
The worm is moderately wounded.
The worm misses you.
You barely miss the worm.
The worm is moderately wounded.
You hit the worm but do no damage.
Your tail-slap misses the worm.
The worm is moderately wounded.
The worm bites you.
* * * LOW HITPOINT WARNING * * *
Casting: Ensorcelled Hibernation (safe; 14% risk of failure)
Confirm with . or Enter, or press ? or * to list all spells.
Aiming: Ensorcelled Hibernation (safe; 14% risk of failure)
Press: ? - help, Shift-Dir - straight line, f - worm
Aim: a worm (moderately wounded, chance to affect: 48%)
You miscast Ensorcelled Hibernation.
You are very lightly contaminated with residual magic.
Nothing appears to happen.
Casting: Ensorcelled Hibernation (safe; 14% risk of failure)
Confirm with . or Enter, or press ? or * to list all spells.
Aiming: Ensorcelled Hibernation (safe; 14% risk of failure)
Press: ? - help, Shift-Dir - straight line, f/p - worm
Aim: a worm (moderately wounded, chance to affect: 48%)
The worm looks drowsy...
The helpless worm fails to defend itself.
You puncture the worm! You tail-slap the worm.
The worm is almost dead.
You hit the worm but do no damage.
The worm is almost dead.
The worm barely misses you.
You hit the worm.
The worm is almost dead.
The worm bites you!
You die...

........#
........#
........##
.........#
......# ####
##..### ..#
##÷############.#
#.##.........#w#
#..#....#....#@#
##.#÷#..#..#.#.#
#.#.#..#..#.#.#
#.'####_####'.#
###.#..#..#†###
#.#..#..#.# ###
#....#....# ..#
#.........# ..#
###########


You could see a worm.

Vanquished Creatures
  A worm (D:2)
  5 ball pythons
  5 endoplasms
  3 giant cockroaches
  2 goblins (D:1)
  A hobgoblin (D:2)
  6 jackals (D:1)
  3 quokkas (D:1)
  A bat (D:2)
  2 frilled lizards
  3 kobolds
  2 rats
34 creatures vanquished.

Notes
Turn   | Place    | Note
-------+----------+-------------------------------------------
     0 | D:1      | pkoi the Draconian Enchanter began the quest for the Orb.
     0 | D:1      | Reached XP level 1. HP: 14/14 MP: 3/3
    43 | D:1      | Reached skill level 1 in Unarmed Combat
    59 | D:1      | Reached XP level 2. HP: 4/20 MP: 5/5
   624 | D:1      | Learned a level 2 spell: Ensorcelled Hibernation
  1262 | D:1      | Reached XP level 3. HP: 25/26 MP: 6/6
  1570 | D:2      | Found Toledual's Assorted Antiques.
  1646 | D:2      | Found a faded altar of an unknown god.
  2076 | D:2      | Slain by a worm

Illustrated notes

Levels and vault maps discovered:
D:1:      amcnicky_arrival_choice, layout_loops_ring
D:2:      layout_rooms, shapermc_ecumenical_altar_notcrosses, serial_shops,
          shop, serial_aquarium, aquarium_bridge_straight
          [aquarium_subvault_bridge, aquarium_subvault_wall,
          aquarium_subvault_bridge, aquarium_subvault_window],
          aquarium_window_fake, aquarium_window_corridor_1, aquarium_view_2d,
          aquarium_pool_side, basic_altar

Skill      XL: |  1  2 |
---------------+-------+-----
Unarmed Combat | 1 2 |  2.3
Short Blades   | |  1.2
Dodging        | |  1.7
Stealth        | |  2.9
Spellcasting   | |  2.0
Hexes          | |  2.8
Ice Magic      | |  0.8

Action                   || total
-------------------------++-------
Melee: Dagger            ||   172
       Tailslap          ||    15
       Punch             ||     2
 Cast: Ensorcelled Hiber ||     2
 Stab: Sleeping          ||     8
Armor: Skin              ||    48
Dodge: Dodged            ||    81
